 Dungeon Crawl Stone Soup version 0.26-a0-52-gd53d4cd (webtiles) character file.

Game seed: 568723784667700222

12517 thirtiethelement the Carver (level 11, -7/83 HPs)
             Began as a Demonspawn Abyssal Knight on June 6, 2020.
             Was a High Priest of Lugonu.
             Mangled by a flayed ghost (16 damage)
             ... on level 11 of the Dungeon.
             The game lasted 00:31:53 (15833 turns).

thirtiethelement the Carver (DsAK)                 Turns: 15833, Time: 00:31:54

Health: -7/83      AC: 21    Str: 15    XL:     11   Next: 63%
Magic:  13/13      EV:  8    Int: 14    God:    Lugonu [*****.]
Gold:   555        SH:  8    Dex: 13    Spells: 10/10 levels left

rFire    . . .     SeeInvis +   a - +1 falchion
rCold    . . .     Gourm    .   s - +3 buckler {AC+3}
rNeg     + . .     Faith    .   i - +2 chain mail {MR+}
rPois    .         Spirit   .   y - +2 hat
rElec    .         Reflect  .   r - +2 cloak
rCorr    .         Harm     .   (no gloves)
MR       +....                  (no boots)
Stlth    ..........             (no amulet)
HPRegen  0.23/turn              p - ring of see invisible
MPRegen  0.13/turn              A - ring of positive energy

@: slowed, very slow
A: claws 2, horns 1, talons 2, powered by pain 1
a: Depart the Abyss, Bend Space, Banish, Corrupt, Enter the Abyss, Renounce
Religion


You were on level 11 of the Dungeon.
You worshipped Lugonu.
Lugonu was extremely pleased with you.
You were not hungry.

You visited 2 branches of the dungeon, and saw 12 of its levels.
You visited the Abyss 1 time.
You also visited: Sewer.

You collected 555 gold pieces.

Inventory:

Hand Weapons
 a - a +1 falchion (weapon)
 d - a +0 long sword
Missiles
 G - 4 javelins (quivered)
Armour
 i - a +2 chain mail of magic resistance (worn)
 r - a +2 cloak (worn)
 s - a +3 buckler of protection (worn)
 y - a +2 hat (worn)
 D - the cursed +1 plate armour "Odwe" {Str+5}
   (You found it on level 11 of the Dungeon)

   It affects your strength (+5).
   It has a curse placed upon it.
Jewellery
 m - an uncursed ring of magical power
 p - a ring of see invisible (left claw)
 A - a ring of positive energy (right claw)
Wands
 g - a wand of paralysis (2)
 u - a wand of acid (2)
 C - a wand of random effects (17)
Scrolls
 b - 3 scrolls of amnesia
 h - 3 scrolls of fear
 j - 7 scrolls of remove curse
 k - 2 scrolls of fog
 l - 5 scrolls of teleportation
 z - a scroll of identify
Potions
 f - 2 potions of stabbing
 n - 5 potions of haste
 o - 3 potions of might
 q - 3 potions of magic
 t - a potion of cancellation
 w - a potion of brilliance
 B - 2 potions of ambrosia
 E - 2 potions of lignification
Miscellaneous
 e - a lightning rod (inert)
Comestibles
 c - 13 rations


   Skills:
 + Level 6.9 Fighting
 * Level 10.8 Long Blades
 + Level 0.1 Throwing
 * Level 9.0 Armour
 + Level 3.4 Dodging
 + Level 4.4 Stealth
 * Level 6.0 Shields
 + Level 2.7 Invocations
 + Level 2.1 Evocations


You had 10 spell levels left.
You didn't know any spells.
Your spell library contained the following spells:

 Spells                   Type           Power        Failure   Level  Hunger
 Beastly Appendage        Tmut           #.....       98%         1    ##.....
 Sticks to Snakes         Tmut           #.......     99%         2    ###....
 Spider Form              Tmut/Pois      #.........   100%        3    ####...
 Static Discharge         Conj/Air       #.......     100%        3    ####...
 Ice Form                 Ice/Tmut       #.......     100%        4    #####..
 Blade Hands              Tmut           #.........   100%        5    ######.
 Lightning Bolt           Conj/Air       #.........   100%        5    ######.
 Ignition                 Fire           #.........   100%        8    #######
 Shatter                  Erth           #.........   100%        9    #######
 Tornado                  Air            #.........   100%        9    #######


Dungeon Overview and Level Annotations

Branches:
Dungeon (11/15)            Temple (1/1) D:7            Lair (0/6) D:11
    Orc (0/2) D:11          Sewer (visited)

Altars:
Ashenzari
Cheibriados
Dithmenos
Elyvilon
Fedhas
Gozag
Hepliaklqana
Kikubaaqudgha
Makhleb
Nemelex Xobeh
Okawaru
Qazlal
Ru
Sif Muna
Trog
Uskayaw
Vehumet
Wu Jian
Xom
Yredelemnul
Zin
The Shining One

Annotations:
D:9 1 runed translucent door


Innate Abilities, Weirdness & Mutations

You have very sharp fingernails.
You have a pair of small horns on your head.
You have razor-sharp toenails.
You sometimes gain a little power by taking damage.


Message History

You hit the sphinx. You claw the sphinx, but do no damage.
The sphinx is severely wounded.
The sphinx hits you but does no damage. The sphinx hits you. x2
You block the flayed ghost's attack.
You hit the sphinx but do no damage. You claw the sphinx!
The sphinx is severely wounded.
The sphinx mumbles some strange words.
You resist with some effort. The flayed ghost closely misses you.
You riposte.
You closely miss the flayed ghost. You claw the flayed ghost.
The flayed ghost is lightly damaged.
You block the sphinx's attack. The sphinx hits you but does no damage.
The sphinx barely misses you. The flayed ghost hits you!
* * * LOW HITPOINT WARNING * * *
You barely miss the sphinx. Your kick misses the sphinx.
The sphinx is severely wounded.
The sphinx hits you!
* * * LOW HITPOINT WARNING * * *
The sphinx hits you but does no damage. The sphinx closely misses you.
The flayed ghost hits you!
You die...

#.# #....# #.#
#.......# #.#
##....# #.#
#####.### #.#
#.....# #.# #.#
#.# #.###.##
#.########.##
##.#####.###..####
#..(........#
.........#.......#
#############
......#..#...#...#
....##...#.#####.#
...#.#...#. ###@#
.##.#....#. #.WH#
#.##.....# ###C#
.#.#.....#.#####.#
#.#......#...#...#
##.......#...#..(#
.........##..#..##
........##.. #...#
##......##. ##..#
..


You could see a sphinx, a flayed ghost and a cyclops.

Vanquished Creatures
  Urug (D:11)
  2 unseen horrors
  A deep elf mage (D:11)
  A wolf spider (D:11)
  An ugly thing (D:11)
  A cyclops (D:11)
  Joseph (D:7)
  A gargoyle (D:11)
  A komodo dragon (shapeshifter) (D:11)
  A hippogriff (D:8)
  A wraith (D:11)
  6 yaks
  Eustachio (D:5)
  5 wyverns
  A hungry ghost (D:9)
  Edmund (D:4)
  Menkaure (D:5)
  A water moccasin (D:10)
  A porcupine (D:11)
  2 ice beasts
  4 orc warriors
  A sky beast (D:7)
  A black bear (D:11)
  A necrophage (D:8)
  2 phantoms
  5 ogres
  4 centaurs
  The ghost of fletch1014 the Sneak, an amateur OpAs (D:3)
  2 big kobolds (D:8)
  6 bullfrogs
  A wyvern zombie (D:11)
  A gnoll sergeant (D:10)
  A wyvern skeleton (D:11)
  A scorpion (D:10)
  10 killer bees (D:7)
  5 wights (D:9)
  6 crimson imps
  4 centaur zombies
  9 orc priests
  2 bullfrog skeletons
  3 centaur skeletons
  5 hounds
  2 jellies
  4 orc wizards
  2 iguanas (D:5)
  8 worker ants
  A hound skeleton (D:5)
  3 gnolls (D:10)
  A howler monkey skeleton (D:4)
  12 adders
  5 shadow imps
  An ooze (D:3)
  2 adder skeletons
  An adder zombie (D:5)
  4 worms
  5 dart slugs
  5 leopard geckos
  41 orcs
  7 bats
  7 giant cockroaches
  3 goblins
  6 hobgoblins
  17 jackals
  6 ball pythons
  A ball python skeleton (D:4)
  9 frilled lizards
  A jackal skeleton (D:3)
  21 kobolds
  A leopard gecko skeleton (D:7)
  A leopard gecko zombie (D:7)
  A quokka skeleton (D:6)
  11 rats
  A fungus (D:8)
  5 plants (Sewer)
301 creatures vanquished.

Vanquished Creatures (others)
  An orc wizard (D:8)
  6 fungi
  A lurking horror (Abyss:2)
  A plant (D:11)
9 creatures vanquished.

Grand Total: 310 creatures vanquished

Notes
Turn   | Place    | Note
-------+----------+-------------------------------------------
     0 | Abyss:1  | thirtiethelement the Demonspawn Abyssal Knight began the
                  | quest for the Orb.
     0 | Abyss:1  | Reached XP level 1. HP: 18/18 MP: 2/2
    32 | Abyss:2  | Noticed a starcursed mass
    55 | Abyss:3  | Noticed a large abomination
    90 | Abyss:3  | Noticed a neqoxec
    91 | Abyss:3  | Noticed a thrashing horror
    92 | D:1      | Escaped the Abyss
   329 | D:1      | Reached * piety under Lugonu
   474 | D:1      | Gained mutation: You have sharp toenails. [demonic
                  | ancestry]
   474 | D:1      | Reached XP level 2. HP: 24/24 MP: 3/3
   863 | D:1      | Reached skill level 1 in Dodging
  1244 | D:2      | Found a faded altar of an unknown god.
  1248 | D:2      | Reached XP level 3. HP: 29/29 MP: 4/4
  1342 | D:2      | Reached skill level 2 in Long Blades
  1390 | D:2      | Noticed an ogre
  1396 | D:2      | Killed an ogre
  1396 | D:2      | Gained mutation: You have sharp fingernails. [demonic
                  | ancestry]
  1396 | D:2      | Reached XP level 4. HP: 22/37 MP: 4/6
  1562 | D:2      | Reached ** piety under Lugonu
  1614 | D:2      | Reached XP level 5. HP: 38/42 MP: 7/7
  1977 | D:2      | Reached skill level 3 in Long Blades
  2049 | D:3      | Found a transporter.
  2050 | D:3      | Noticed fletch1014's ghost (amateur OpAs)
  2267 | D:3      | Found a transporter.
  2313 | D:3      | Reached XP level 6. HP: 48/48 MP: 8/8
  2313 | D:3      | Killed fletch1014's ghost
  2313 | D:3      | Reached skill level 4 in Long Blades
  2802 | D:3      | HP: 1/48 [orc priest/divine providence (15)]
  2805 | D:3      | Reached *** piety under Lugonu
  3268 | D:4      | Noticed Edmund
  3308 | D:4      | Killed Edmund
  3308 | D:4      | Reached skill level 5 in Long Blades
  3308 | D:4      | Gained mutation: You have a pair of small horns on your
                  | head. [demonic ancestry]
  3308 | D:4      | Reached XP level 7. HP: 15/55 MP: 9/9
  3644 | D:4      | Found a glowing golden altar of the Shining One.
  3768 | D:4      | Found a basalt altar of Yredelemnul.
  3772 | D:4      | Found a shimmering blue altar of Sif Muna.
  3817 | D:4      | Found a blossoming altar of Fedhas.
  3822 | D:4      | Found an ancient bone altar of Kikubaaqudgha.
  4468 | D:5      | Entered Level 5 of the Dungeon
  4638 | D:5      | Found a glowing drain.
  4683 | D:5      | HP: 1/55 [iguana (9)]
  4714 | D:5      | Reached skill level 5 in Armour
  4970 | Sewer    | Entered a sewer
  5317 | Sewer    | Reached **** piety under Lugonu
  5656 | D:5      | Found a stormy altar of Qazlal.
  5755 | D:5      | Noticed Eustachio
  5774 | D:5      | Killed Eustachio
  5774 | D:5      | Reached skill level 1 in Stealth
  5774 | D:5      | Reached skill level 1 in Shields
  5774 | D:5      | Gained mutation: You sometimes gain a little power by
                  | taking damage. [demonic ancestry]
  5774 | D:5      | Reached XP level 8. HP: 59/61 MP: 10/10
  5914 | D:5      | Noticed Menkaure
  5922 | D:5      | Killed Menkaure
  5922 | D:5      | Reached skill level 1 in Evocations
  6057 | D:6      | Reached skill level 6 in Long Blades
  6758 | D:6      | Found a bloodstained altar of Trog.
  6782 | D:6      | Reached skill level 5 in Fighting
  6833 | D:6      | Found an iron altar of Okawaru.
  7428 | D:7      | Noticed Joseph
  7444 | D:7      | Killed Joseph
  7444 | D:7      | Gained mutation: You have very sharp fingernails. [demonic
                  | ancestry]
  7444 | D:7      | Reached XP level 9. HP: 66/68 MP: 11/11
  7533 | D:7      | Reached skill level 7 in Long Blades
  7806 | D:7      | Found a staircase to the Ecumenical Temple.
  7820 | Temple   | Entered the Ecumenical Temple
  8924 | D:8      | Found a blossoming altar of Fedhas.
  9496 | D:8      | Reached skill level 8 in Long Blades
  9879 | D:8      | Reached XP level 10. HP: 40/76 MP: 12/12
 10502 | D:9      | Reached ***** piety under Lugonu
 10675 | D:9      | Found a white marble altar of Elyvilon.
 10675 | D:9      | Noticed an angel
 10676 | D:9      | Found a runed translucent door.
 11143 | D:10     | Entered Level 10 of the Dungeon
 11243 | D:10     | Found a glowing golden altar of the Shining One.
 11368 | D:10     | Reached skill level 9 in Long Blades
 11838 | D:10     | Noticed an unseen horror
 11892 | D:10     | Killed an unseen horror
 12456 | D:11     | Noticed Urug
 12469 | D:11     | Killed Urug
 12469 | D:11     | Reached skill level 10 in Long Blades
 12469 | D:11     | Gained mutation: You have razor-sharp toenails. [demonic
                  | ancestry]
 12469 | D:11     | Reached XP level 11. HP: 23/83 MP: 13/13
 12604 | D:11     | Noticed a cyan ugly thing
 12626 | D:11     | Killed a cyan ugly thing
 12626 | D:11     | Reached skill level 5 in Shields
 12881 | D:11     | Got an ichor-stained plate armour
 12883 | D:11     | Identified the cursed +1 plate armour "Odwe" {Str+5} (You
                  | found it on level 11 of the Dungeon)
 13622 | D:11     | Found a staircase to the Lair.
 13678 | D:11     | Found a staircase to the Orcish Mines.
 14246 | D:11     | Noticed a wolf spider
 14258 | D:11     | Killed a wolf spider
 14929 | D:11     | Noticed an unseen horror
 14956 | D:11     | Killed an unseen horror
 15222 | D:11     | Noticed a deep elf mage
 15223 | D:11     | Noticed a sphinx
 15223 | D:11     | Noticed a red ugly thing
 15227 | D:11     | Killed a deep elf mage
 15229 | D:11     | Noticed a seven-headed hydra
 15252 | D:11     | HP: 3/83 [sphinx/divine providence (12)]
 15797 | D:11     | Noticed a flayed ghost
 15833 | D:11     | Mangled by a flayed ghost

Illustrated notes

Levels and vault maps discovered:
D:1:      giann_wishing_wells, layout_loops_ring, minmay_misc_feat_rows
D:2:      layout_loops_ring, chequers_ecumenical_altar_simple_redux,
          minmay_tiny_reverse_x
D:3:      layout_loops_cross, gammafunk_ghost_mausoleum,
          chequers_serial_rivers_micro_b
D:4:      layout_loops_ring, grunt_temple_overflow_growth_and_decay, minitemple,
          lemuel_coloured_pillars_altar, first_ration, uniq_edmund
D:5:      layout_loops_ring, basic_altar, portal_sewer_entry_a, uniq_eustachio,
          uniq_menkaure
D:6:      layout_loops_ring, grunt_temple_overflow_bloody_war,
          kennysheep_generic_room_13
D:7:      layout_basic, minmay_temple_entry_proselytizer, grunt_ogre_cave,
          uniq_joseph
D:8:      layout_basic, fedhas_altar_3
D:9:      layout_loops_ring, lemuel_angel_altar
D:10:     layout_small_grid, tso_metal_star
D:11:     minmay_tile_spiral, layout_basic, grunt_lair_entry_orc_guard_hut,
          orc_0_dummy, minmay_misc_feat_secret_circle, kennysheep_path_1,
          chequers_garden, hangedman_decor_growths, uniq_urug
Temple:   regret_index_temple_generic_petals

Skill      XL: |  1  2  3  4  5  6  7  8  9 10 11 |
---------------+----------------------------------+-----
Armour         | 2 3 4 5 7 9 |  9.0
Dodging        | 1 2 3 |  3.4
Long Blades    | 2 3 5 6 8 10 | 10.8
Fighting       | 4 5 6 |  6.9
Stealth        | 1 4 |  4.4
Shields        | 1 2 3 4 6 |  6.0
Evocations     | 1 2 |  2.1
Throwing       | |  0.1
Invocations    | |  2.7

Action                   |  1- 3 |  4- 6 |  7- 9 | 10-12 || total
-------------------------+-------+-------+-------+-------++-------
Melee: Falchion          |    80 |   185 |   766 |   539 ||  1570
       Kick              |    14 |    54 |   271 |   215 ||   554
       Headbutt          |       |       |   139 |   122 ||   261
Throw: Javelin           |       |       |       |     7 ||     7
Invok: Depart the Abyss  |     1 |       |       |       ||     1
Evoke: Lightning rod     |       |     4 |     5 |     4 ||    13
       Wand              |       |       |    23 |    11 ||    34
  Use: Scroll            |     5 |     2 |     4 |    11 ||    22
       Potion            |       |     3 |     8 |     3 ||    14
 Stab: Paralysed         |       |       |    29 |       ||    29
  Eat: Chunk             |     2 |     6 |     6 |     1 ||    15
       Ration            |       |       |     5 |     7 ||    12
Armor: Chain mail        |    49 |   107 |   438 |   273 ||   867
Dodge: Dodged            |    13 |    41 |   228 |   135 ||   417
Block: Buckler           |       |       |   171 |   186 ||   357
       Rpst.: Falchion   |     6 |    12 |    68 |    41 ||   127

Table legend:
 A = Non-vault XP
 B = Vault XP
 C = Vault XP percentage of total XP
 D = Non-vault monster count
 E = Vault monster count
 F = Vault count percentage of total count
                 A         B        C        D         E       F
            +---------+---------+-------+---------+---------+-------
      Total |   12072 |    5810 |  32.5 |     244 |      52 |  17.6
            +---------+---------+-------+---------+---------+-------
        D:1 |      33 |       0 |   0.0 |      20 |       0 |   0.0
        D:2 |     179 |      26 |  12.7 |      25 |       2 |   7.4
        D:3 |     230 |     187 |  44.8 |      32 |       4 |  11.1
        D:4 |     284 |     173 |  37.9 |      11 |       1 |   8.3
        D:5 |     219 |     379 |  63.4 |      14 |       7 |  33.3
        D:6 |     450 |       3 |   0.7 |      18 |       1 |   5.3
        D:7 |    1556 |     592 |  27.6 |      35 |       3 |   7.9
        D:8 |    1523 |       0 |   0.0 |      25 |       0 |   0.0
        D:9 |     997 |       0 |   0.0 |      17 |       0 |   0.0
       D:10 |    3425 |       0 |   0.0 |      27 |       0 |   0.0
       D:11 |    3176 |    4390 |  58.0 |      20 |      12 |  37.5
      Sewer |       0 |      60 | 100.0 |       0 |      22 | 100.0
            +---------+---------+-------+---------+---------+-------
